 Dungeon Crawl Stone Soup version 0.25.1-11-g244df3a29b (webtiles) character file.

Game seed: 1178377959235916764

2285404 DeepDeath the Intangible (level 27, 278/292 HPs)
             Began as a Deep Dwarf Berserker on Dec 24, 2023.
             Was a High Priest of Trog.
             Escaped with the Orb
             ... and 4 runes on Dec 29, 2023!
             The game lasted 08:41:36 (81074 turns).

DeepDeath the Intangible (Deep Dwarf Berserker)    Turns: 81074, Time: 08:41:37

Health: 278/292    AC: 35    Str: 30      XL:     27
Magic:  13/13      EV: 30    Int: 20 (22) God:    Trog [*****.]
Gold:   3473       SH: 16    Dex: 22      Spells: 26/26 levels left

rFire    + + +     SeeInvis .   w - +9 broad axe (vorpal)
rCold    + + .     Gourm    .   m - +0 kite shield
rNeg     + + .     Faith    .   t - +0 plate armour of Resourcefulness {+Inv rF+ rCorr}
rPois    +         Spirit   .   y - +2 hood of the Assassin {Detection Stab+ Stlth++}
rElec    +         Reflect  .   Q - +2 cloak {rPois}
rCorr    +         Harm     .   x - +2 pair of gloves {Dex+3}
MR       +++++                  k - +0 pair of boots "Pibonkay" {MR+}
Stlth    +.........             z - amulet of the acrobat
HPRegen  0.00/turn              X - ring "Jusyq" {rC+ Int+4 Slay+2}
MPRegen  0.13/turn              h - ring of Rimnel {rElec rN+ Str+4 Int+7 Dex-2}

@: resistant, non-regenerating, hasted (expiring), very quick
A: damage resistance, heal wounds, claws 1, iridescent scales 1, thin skeletal
structure 1, clever 1, fire resistance 2, negative energy resistance 1, sense
surroundings 3, no potion heal 1, no regeneration
0: Orb of Zot
}: 4/15 runes: decaying, slimy, silver, gossamer
a: Heal Wounds, Berserk, Trog's Hand, Brothers in Arms, Renounce Religion, Evoke
Invisibility


You escaped.
You worshipped Trog.
Trog was extremely pleased with you.
You were not hungry.

You visited 11 branches of the dungeon, and saw 57 of its levels.
You visited the Abyss 2 times.
You visited 1 bazaar.
You also visited: Trove and Wizlab.

You collected 8800 gold pieces.
You spent 5327 gold pieces at shops.

Inventory:

Hand Weapons
 a - a +8 antimagic broad axe
 q - the +1 hunting sling "Hayl" {venom, rC+ MR+ SInv}
   (You bought it in a shop on level 2 of the Orcish Mines)

   It poisons the ammo it fires.
   It protects you from cold.
   It affects your resistance to hostile enchantments.
   It lets you see invisible.
 r - the +9 hand axe "Leem" {flame, rElec Dex+2 SInv}
   (Trog gifted it to you on level 4 of the Swamp)

   It has been specially enchanted to burn those struck by it, causing extra
   injury to most foes and up to half again as much damage against particularly
   susceptible opponents.
   Big, fiery blades are also staple armaments of hydra-hunters.
   It affects your dexterity (+2).
   It insulates you from electricity.
   It lets you see invisible.
 s - a +8 broad axe of flaming
 v - the +8 hand axe "Geanuadi" {vamp, rC+ MR+++ Dex-4}
   (You bought it in a shop on level 2 of the Orcish Mines)

   It inflicts no extra harm, but heals its wielder when it wounds a living foe.
   It affects your dexterity (-4).
   It protects you from cold.
   It affects your resistance to hostile enchantments.
 w - a +9 vorpal broad axe (weapon)
Missiles
 J - a throwing net (quivered)
 V - 97 sling bullets
 Z - 33 curare-tipped darts
Armour
 k - the +0 pair of boots "Pibonkay" (worn) {MR+}
   (You found it in a wizard's laboratory)

   It affects your resistance to hostile enchantments.
 m - a +0 kite shield (worn)
 t - the +0 plate armour of Resourcefulness (worn) {+Inv rF+ rCorr}
   (You found it in a wizard's laboratory)

   It protects you from fire.
   It lets you turn invisible.
   It provides partial protection from all sources of acid and corrosion.
 x - a +2 pair of gloves of dexterity (worn)
 y - the +2 hood of the Assassin (worn) {Detection Stab+ Stlth++}
   (You found it on level 5 of the Pits of Slime)

   It makes you much more stealthy.
 O - a +2 helmet of see invisible
 Q - a +2 cloak of poison resistance (worn)
Jewellery
 e - an uncursed amulet of magic regeneration
 h - the ring of Rimnel (right hand) {rElec rN+ Str+4 Int+7 Dex-2}
   (You took it off a skeletal warrior on level 3 of the Crypt)

   [ring of positive energy]

   It affects your strength (+4).
   It affects your intelligence (+7).
   It affects your dexterity (-2).
   It insulates you from electricity.
   It protects you from negative energy.
 z - an amulet of the acrobat (around neck)
 F - the ring of Tumer {+Fly rF+ rC+ Int-4 Dex+3}
   (You took it off a deep elf sorcerer on level 5 of the Vaults)

   [ring of protection from cold]

   It affects your intelligence (-4).
   It affects your dexterity (+3).
   It protects you from fire.
   It protects you from cold.
   It lets you fly.
 X - the ring "Jusyq" (left hand) {rC+ Int+4 Slay+2}
   (You acquired it on level 4 of the Depths)

   [ring of protection from cold]

   It affects your intelligence (+4).
   It affects your accuracy and damage with ranged weapons and melee attacks
   (+2).
   It protects you from cold.
Wands
 j - a wand of paralysis (23)
 l - a wand of disintegration (52)
 n - a wand of digging (13)
 p - a wand of acid (41)
 G - a wand of clouds (6)
 H - a wand of iceblast (44)
 R - a wand of enslavement (17)
Scrolls
 d - 5 scrolls of fog
 g - 8 scrolls of teleportation
 A - 5 scrolls of holy word
 C - a scroll of noise
 I - 5 scrolls of magic mapping
 K - 4 scrolls of silence
 M - 38 scrolls of remove curse
 S - 8 scrolls of identify
 Y - 4 scrolls of blinking
Potions
 b - 4 potions of heal wounds
 c - 16 potions of curing
 o - a potion of cancellation
 u - a potion of haste
 B - 4 potions of mutation
 D - a potion of resistance
 E - 3 potions of stabbing
 N - 2 potions of invisibility
 U - 9 potions of flight
Miscellaneous
 i - a lightning rod (4/4)
 L - 2 phantom mirrors
 P - a box of beasts
 T - a phial of floods
Comestibles
 f - 31 rations


   Skills:
 * Level 25.9 Fighting
 - Level 17.0(19.0) Axes
   Level 13.8(16.6) Maces & Flails
 - Level 5.3(13.3) Slings
 - Level 15.7(16.0) Throwing
 - Level 25.0 Armour
 O Level 27 Dodging
 - Level 10.0 Stealth
 - Level 16.0 Shields
 + Level 19.7 Evocations


You had 26 spell levels left.
You didn't know any spells.
Your spell library was empty.

Dungeon Overview and Level Annotations

Branches:
Dungeon (15/15)            Temple (0/1) D:4            Lair (6/6) D:10
  Swamp (4/4) Lair:2       Spider (4/4) Lair:4        Slime (5/5) Lair:5
    Orc (2/2) D:12            Elf (3/3) Orc:2        Vaults (5/5) D:14
  Crypt (3/3) Vaults:2       Tomb (0/3) Crypt:3      Depths (5/5) D:15
    Zot (5/5) Depths:5     WizLab (visited)

Altars:
Ashenzari
Elyvilon
Fedhas
Gozag
Hepliaklqana
Kikubaaqudgha
Makhleb
Nemelex Xobeh
Qazlal
Sif Muna
Trog
Xom
Yredelemnul
The Shining One
Jiyva
Lugonu

Shops:
D:6 *   D:7 }   Orc:2 ([(}   Elf:1 :[   Elf:2 [   Vaults:1 (   Vaults:3 *
Vaults:4 ?   Zot:2 *   Depths:4 %!

Portals:
Hell: Depths:1 Depths:2 Depths:3 Depths:4 Depths:5
Abyss: Zot:1 Depths:4
Pandemonium: Depths:3 Depths:4
Ziggurat: Depths:1

Annotations:
Depths:4 secret
Zot:1 2 transporters, Nacooh's ghost, legendary DDFi
Zot:3 Emnejil's ghost, master VSBe


Innate Abilities, Weirdness & Mutations

You are resistant to damage.
You can heal yourself by infusing magical energy.
You resist negative energy. (rN+)
You passively map a large area around you.
You do not regenerate.
You have sharp fingernails.
You are partially covered in iridescent scales. (AC +2)
You have a somewhat thin skeletal structure. (Dex +2, Stealth)
Your mind is acute. (Int +2)
Your flesh is very heat resistant. (rF++)
Potions are less effective at restoring your health.


Message History

Aiming: Dig
Press: ? - help, Shift-Dir - straight line A rock wall.
This square is covered in magical glow.
The rock shatters into small pieces.
The Orb Guardian hits you.
Your extra speed is starting to run out.
The +9 hand axe "Leem" {flame, rElec Dex+2 SInv} stops flaming.
w - a +9 vorpal broad axe (weapon)
You slice the Orb Guardian!!
The Orb Guardian is heavily wounded.
You hit the Orb Guardian.
The Orb Guardian is severely wounded.
You block the Orb Guardian's attack.
You slice the Orb Guardian!!
You kill the Orb Guardian!
Trog accepts your kill.
No target in view!
No target in view!
There is a staircase leading out of the dungeon here.
You have escaped!

.......#...## #...# #.#
.......#....# ###...### #.#
........#...# #.......# #.#
...)........####.......####.#
........##..#.............#.#
.....#......#......⌠......'.#
............#.............###
....######..####.......####
....# ##.....@......# ....#
#.######...### ....# #.#
#...# ....# #.# #...# ....#
#.#######'## ....#
#.........# ....# ###########
....# #####


There were no monsters in sight!

Vanquished Creatures
  the Royal Jelly (Slime:5)
  Khufu (Crypt:1)
  8 ancient liches
  Mara (Vaults:3)
  5 orbs of fire
  A juggernaut (Depths:3)
  2 greater mummies (Crypt:1)
  Boris (Vaults:5)
  Sojobo (Vaults:3)
  Bai Suzhen (Vaults:2)
  Margery (Crypt:1)
  Frederick (Depths:3)
  13 Killer Klowns
  4 curse toes
  Saint Roka (Vaults:4)
  9 caustic shrikes
  11 golden dragons
  Arachne (Spider:4)
  2 bone dragons
  A profane servitor (Zot:3)
  A Tzitzimitl (D:11)
  4 electric golems
  15 tentacled monstrosities
  5 liches
  2 deep elf blademasters (Elf:3)
  27 Orb Guardians
  37 acid blobs
  4 titans
  4 quicksilver dragons
  Asterion (Depths:3)
  5 deep elf master archers
  5 sphinxes
  2 tentacled starspawn (Abyss:2)
  3 death cobs
  7 ancient champions
  An eldritch tentacle (Depths:2)
  Agnes (Depths:3)
  The ghost of phiIosophr the Markscentaur, an adept CeHu of Nemelex Xobeh (Spider:4)
  9 shadow dragons
  7 thorn hunters
  The ghost of Detar the Severer, an adept HOFi of Beogh (Spider:4)
  Kirke (Swamp:1)
  Donald (Vaults:4)
  9 storm dragons
  14 azure jellies
  9 tengu reavers
  2 revenants
  4 draconian monks
  5 fire giants
  5 iron dragons
  13 frost giants
  15 vault wardens
  2 balrugs
  10 draconian knights
  7 deep elf sorcerers
  6 draconian scorchers
  4 ghost moths
  Aizul (Elf:3)
  An orc warlord (Depths:4)
  4 emperor scorpions
  3 curse skulls
  5 draconian stormcallers
  3 draconian shifters (Zot:3)
  6 ghouls
  A reaper (Crypt:2)
  5 spriggan defenders
  2 hydra skeletons
  26 very ugly things
  23 stone giants
  3 caustic shrike skeletons
  6 deep elf elementalists (Elf:3)
  A juggernaut zombie (WizLab)
  8 draconian annihilators
  13 ironheart preservers
  12 green draconians
  4 war gargoyles (Vaults:5)
  A juggernaut skeleton (Depths:2)
  11 starcursed masses (Abyss:2)
  12 vampire knights
  8 entropy weavers
  10 deep elf demonologists
  16 red draconians
  6 black draconians
  11 deep elf annihilators
  9 yellow draconians
  A dire elephant (D:15)
  6 purple draconians
  11 white draconians
  9 spark wasps
  16 ettins
  4 eidola (Crypt:1)
  5 mummy priests (WizLab)
  10 death oozes
  A crystal guardian (Vaults:3)
  8 deep elf death magi
  Josephine (Swamp:1)
  17 fire dragons
  A merfolk impaler (Depths:2)
  9 jiangshi
  7 deep elf high priests
  20 yaktaur captains
  Harold (D:10)
  21 hydras
  15 great orbs of eyes
  10 ice dragons
  2 quicksilver dragon skeletons (Crypt:3)
  11 rakshasas
  A ghost crab (Swamp:3)
  31 vault guards
  8 centaur warriors
  4 shambling mangroves
  69 two-headed ogres
  4 spriggan air magi
  14 alligators
  31 dancing weapons
  2 death knights
  A queen ant (shapeshifter) (Vaults:5)
  19 ogre magi
  A hell hog (Depths:3)
  4 tengu warriors
  A naga sharpshooter (Depths:4)
  8 deep troll earth magi
  11 deep troll shamans
  6 vampire magi
  An orc high priest (Elf:1)
  4 large abominations
  2 thrashing horrors (Abyss:2)
  4 small abominations
  26 deep elf knights
  Urug (D:14)
  Sonja (Lair:3)
  A soul eater (Depths:5)
  2 sun demons
  A storm dragon zombie (Depths:2)
  2 spriggan berserkers (Depths:3)
  5 titan skeletons (Crypt:3)
  4 hell knights (Crypt:1)
  2 fire crabs (shapeshifter) (Depths:2)
  5 wretched stars
  9 iron trolls
  26 skeletal warriors
  6 shadow wraiths
  A golden dragon zombie (Depths:2)
  25 deep trolls
  3 unseen horrors
  A storm dragon skeleton (Crypt:3)
  An unseen horror (shapeshifter) (Depths:2)
  19 deep elf archers
  13 swamp dragons
  A swamp dragon (shapeshifter) (Depths:3)
  A shadow demon (Depths:4)
  13 flayed ghosts
  3 spriggan druids (Swamp:4)
  7 glowing orange brains
  12 orc knights
  An obsidian statue (Zot:4)
  4 necromancers
  5 spectral hydras (Swamp:4)
  A golden dragon skeleton (Depths:2)
  13 phantasmal warriors
  8 wizards
  Pikel (D:6)
  2 wolf spider zombies
  An anaconda skeleton (Crypt:2)
  13 ironbrand convokers
  63 deep elf magi
  12 harpies
  30 wolf spiders
  57 ugly things
  8 oklob plants
  3 fire giant zombies
  3 iron dragon zombies
  A sphinx zombie (Depths:2)
  19 orb spiders
  6 stone giant zombies
  A wolf spider (shapeshifter) (Vaults:5)
  5 shining eyes
  127 slime creatures
  4 orc sorcerers
  2 tengu skeletons
  5 manticores
  23 moths of wrath
  7 cyclopes
  A salamander (Depths:5)
  3 frost giant skeletons (Crypt:3)
  An orc zombie (Vaults:2)
  8 black mambas
  12 vault sentinels
  A stone giant skeleton (Crypt:3)
  A guardian serpent (Lair:6)
  A guardian serpent (shapeshifter) (D:15)
  2 orange demons
  A green draconian zombie (Crypt:3)
  A torpor snail (Spider:3)
  A smoke demon (Depths:3)
  3 gargoyles
  2 eyes of devastation
  22 spiny frogs
  A pale draconian zombie (Crypt:2)
  2 spiny frogs (shapeshifter)
  A hellion (Abyss:2)
  13 demonic crawlers
  14 komodo dragons
  2 rime drakes (shapeshifter)
  A swamp worm zombie (Crypt:3)
  A catoblepas skeleton (Abyss:2)
  A yaktaur (shapeshifter) (Vaults:5)
  2 spriggan zombies (WizLab)
  An ancient zyme (Abyss:2)
  22 yaktaurs
  A tengu conjurer (Depths:1)
  23 jumping spiders
  9 freezing wraiths
  5 red devils
  3 hellwings
  5 guardian mummies (WizLab)
  2 hydra zombies (Swamp:4)
  A polar bear (shapeshifter) (Depths:4)
  7 trolls
  2 death drake zombies (Swamp:4)
  26 hornets
  A queen bee (D:8)
  11 tyrant leeches
  4 polar bears
  A tyrant leech (shapeshifter) (Vaults:5)
  2 hornets (shapeshifter)
  A wind drake (shapeshifter) (Vaults:2)
  3 raiju (Abyss:2)
  24 blink frogs
  3 ettin zombies (WizLab)
  15 bog bodies
  4 dream sheep (Lair:6)
  17 hippogriffs
  A centaur simulacrum (D:15)
  4 flying skulls (Depths:2)
  73 redbacks
  3 shadows
  35 tarantellas
  8 spriggans
  3 air elementals
  10 wraiths
  3 ynoxinuls (Abyss:2)
  3 ettin skeletons
  A dire elephant simulacrum (Crypt:2)
  2 ice dragon skeletons (Crypt:3)
  A spriggan skeleton (Depths:2)
  5 fire elementals
  16 wyverns
  A hog (shapeshifter) (Vaults:1)
  28 yaks
  3 vampires (Vaults:2)
  A basilisk (shapeshifter) (Elf:1)
  18 golden eyes
  4 hogs (Swamp:1)
  2 neqoxecs
  4 water elementals
  A black mamba skeleton (Crypt:3)
  5 fire bats (Lair:3)
  A golden eye (shapeshifter) (Vaults:3)
  16 humans (D:14)
  3 hungry ghosts (D:9)
  2 chaos spawn
  2 spatial vortices (Depths:2)
  2 elf skeletons
  13 vampire mosquitoes
  7 insubstantial wisps
  6 wargs
  A hydra simulacrum (Swamp:4)
  14 swamp worms
  2 monstrous demonspawn zombies
  A swamp worm (shapeshifter) (Vaults:5)
  An orb spider zombie (Crypt:2)
  3 acid dragons
  2 human skeletons
  16 water moccasins
  A spiny frog zombie (Crypt:3)
  5 porcupines
  7 hell hounds (Depths:3)
  Purgy (D:3)
  4 floating eyes
  17 swamp drakes
  43 orc warriors
  2 black bears (D:6)
  2 merfolk skeletons
  2 sky beasts
  A slave (D:6)
  6 eyes of draining
  An ettin simulacrum (Crypt:2)
  A hornet zombie (D:15)
  9 ice beasts
  9 necrophages
  2 black bears (shapeshifter)
  3 boggarts (Depths:3)
  3 phantoms
  A swamp dragon skeleton (Swamp:4)
  A manticore skeleton (Crypt:3)
  73 ogres
  3 swamp dragon zombies (Swamp:4)
  3 snapping turtle skeletons (Crypt:3)
  9 centaurs
  2 big kobolds
  6 crocodiles
  An elf zombie (Crypt:3)
  3 earth elementals
  19 bullfrogs
  A fire crab zombie (Crypt:3)
  A glowing shapeshifter simulacrum (Vaults:2)
  5 scorpions
  A shapeshifter zombie (Crypt:1)
  20 wights
  27 killer bees
  9 electric eels
  3 centaur zombies
  A lava snake (Lair:3)
  A bullfrog skeleton (D:11)
  5 crimson imps
  17 jellies
  2 bullfrog zombies
  A quasit (D:8)
  4 hounds
  22 orc priests
  A gnoll shaman (D:4)
  A hound (shapeshifter) (Depths:4)
  39 orc wizards
  A black bear skeleton (Crypt:2)
  4 centaur skeletons
  5 hell rats
  3 iguanas
  7 worker ants
  A killer bee zombie (D:5)
  A tengu zombie (Crypt:3)
  An ogre zombie (Crypt:1)
  A crocodile skeleton (Crypt:1)
  A dwarf skeleton (Crypt:1)
  A hound zombie (D:8)
  2 hound skeletons
  A naga skeleton (Crypt:3)
  A mummy (Crypt:1)
  A worker ant zombie (D:5)
  8 gnolls
  11 adders
  6 shadow imps
  An ufetubus (Abyss:2)
  3 oozes
  A halfling zombie (Crypt:3)
  A worm (shapeshifter) (Vaults:4)
  A worm (D:2)
  A barachi skeleton (Crypt:2)
  2 dart slugs
  6 leopard geckos
  103 orcs
  4 giant cockroaches
  2 gnoll zombies (D:6)
  9 hobgoblins
  15 jackals
  14 kobolds
  5 quokkas
  2 ball pythons
  A ball python zombie (Crypt:3)
  7 bats
  9 frilled lizards
  11 goblins
  A goblin skeleton (Crypt:1)
  A goblin zombie (Crypt:2)
  A jackal zombie (D:8)
  A kobold skeleton (Crypt:3)
  2 leopard gecko skeletons
  A leopard gecko zombie (D:5)
  An orc skeleton (Crypt:2)
  A quokka skeleton (D:4)
  8 rats
  7 briar patches
  3 crawling corpses
  A fungus (Lair:6)
  A lurking horror (Abyss:2)
  5 plants
  5 starspawn tentacles (Abyss:2)
2866 creatures vanquished.

Vanquished Creatures (collateral kills)
  2 acid blobs (Slime:5)
2 creatures vanquished.

Vanquished Creatures (others)
  An ancient lich (Vaults:5)
  2 deep elf blademasters (Elf:2)
  A shadow dragon (Vaults:5)
  The ghost of Sharkman1231 the Peltast, an adept DsGl of Okawaru (Elf:2)
  A crystal guardian (Vaults:5)
  A hell hog (Depths:3)
  An ugly thing (Vaults:1)
  A deep elf mage (Vaults:3)
  2 yaktaurs (Vaults:5)
  A hornet (Swamp:2)
  A redback (Spider:4)
  A tarantella (Spider:4)
  A human (Swamp:1)
  A swamp drake (Swamp:3)
  2 orc priests
  An orc wizard (Elf:1)
  6 orcs
  2 briar patches
  7 fungi
  40 plants
  A starspawn tentacle (Abyss:2)
  2 withered plants (Spider:4)
77 creatures vanquished.

Grand Total: 2945 creatures vanquished

Notes
Turn   | Place    | Note
-------+----------+-------------------------------------------
     0 | D:1      | DeepDeath the Deep Dwarf Berserker began the quest for the
                  | Orb.
     0 | D:1      | Reached XP level 1. HP: 20/20 MP: 1/1
   114 | D:1      | Reached XP level 2. HP: 24/27 MP: 2/2
   237 | D:1      | Reached ** piety under Trog
   463 | D:2      | Reached XP level 3. HP: 34/34 MP: 3/3
   737 | D:2      | Reached skill level 5 in Axes
   911 | D:2      | Reached XP level 4. HP: 29/42 MP: 4/4
   924 | D:2      | Found a shattered altar of Ashenzari.
  1084 | D:2      | Found a burning altar of Makhleb.
  1084 | D:2      | Found an ancient bone altar of Kikubaaqudgha.
  1257 | D:3      | Found an opulent altar of Gozag.
  1547 | D:3      | Reached XP level 5. HP: 49/49 MP: 5/5
  1760 | D:3      | Found a sparkling altar of Nemelex Xobeh.
  1764 | D:3      | Reached *** piety under Trog
  2040 | D:3      | Noticed Purgy
  2048 | D:3      | Killed Purgy
  2048 | D:3      | Reached XP level 6. HP: 56/56 MP: 6/6
  2234 | D:4      | Got an ivory whip
  2235 | D:4      | Identified the cursed +3 whip "Tattletale" {vorpal, rPois
                  | rF+ Str-3} (You found it on level 4 of the Dungeon)
  2303 | D:4      | Found a staircase to the Ecumenical Temple.
  2378 | D:4      | Reached skill level 1 in Maces & Flails
  2868 | D:5      | Entered Level 5 of the Dungeon
  2889 | D:4      | Reached skill level 1 in Evocations
  2928 | D:5      | Found a hazy altar of Hepliaklqana.
  2972 | D:5      | Reached XP level 7. HP: 33/62 MP: 8/8
  3225 | D:5      | Reached skill level 5 in Maces & Flails
  3488 | D:5      | Reached XP level 8. HP: 59/69 MP: 9/9
  3624 | D:5      | Reached skill level 1 in Shields
  3791 | D:5      | Reached skill level 3 in Dodging
  4166 | D:6      | Found Upsits's General Store.
  4288 | D:6      | Bought a potion of haste for 120 gold pieces
  4580 | D:6      | Found a bloodstained altar of Trog.
  4791 | D:6      | Found a basalt altar of Yredelemnul.
  4851 | D:6      | Noticed Pikel
  4896 | D:6      | Killed Pikel
  4896 | D:6      | Reached skill level 4 in Dodging
  4896 | D:6      | Gained mutation: You passively map the area around you.
                  | [Deep Dwarf growth]
  4896 | D:6      | Reached XP level 9. HP: 79/79 MP: 10/10
  5001 | D:7      | Found a burning altar of Makhleb.
  5001 | D:7      | Noticed an oklob plant
  5213 | D:7      | Reached skill level 5 in Fighting
  5802 | D:7      | Identified a scroll of acquirement
  5802 | D:7      | Acquired the +7 morningstar of Causality {elec, +Fly rF+
                  | Str+4}
  5906 | D:6      | Bought a potion of experience for 600 gold pieces
  5910 | D:6      | Reached XP level 10. HP: 66/87 MP: 11/11
  6036 | D:8      | Found a white marble altar of Elyvilon.
  6280 | D:8      | Reached **** piety under Trog
  6510 | D:8      | Gained mutation: You evolve. [potion of mutation]
  6510 | D:8      | Gained mutation: You have a somewhat thin skeletal
                  | structure. (Dex +2, Stealth) [potion of mutation]
  6604 | D:9      | Noticed a two-headed ogre
  6611 | D:9      | Killed a two-headed ogre
  6611 | D:9      | Reached skill level 1 in Stealth
  6611 | D:9      | Reached XP level 11. HP: 95/95 MP: 12/12
  6672 | D:9      | Reached skill level 5 in Armour
  6690 | D:9      | Reached skill level 5 in Dodging
  6823 | D:9      | Noticed a two-headed ogre
  6836 | D:9      | Killed a two-headed ogre
  6890 | D:9      | Noticed a two-headed ogre
  6898 | D:9      | Killed a two-headed ogre
  6942 | D:9      | Found a stormy altar of Qazlal.
  7070 | D:9      | Reached skill level 10 in Axes
  7239 | D:10     | Entered Level 10 of the Dungeon
  7344 | D:10     | Found a staircase to the Lair.
  7404 | D:10     | Reached skill level 1 in Slings
  7492 | D:10     | Reached skill level 1 in Throwing
  7499 | D:10     | Noticed Harold
  7515 | D:10     | Killed Harold
  8062 | D:11     | Noticed an unseen horror
  8070 | D:11     | Killed an unseen horror
  8078 | D:11     | Noticed an unseen horror
  8087 | D:11     | Killed an unseen horror
  8223 | D:11     | Reached XP level 12. HP: 56/104 MP: 13/13
  8672 | Lair:1   | Entered Level 1 of the Lair of Beasts
  9004 | Lair:1   | Gained mutation: Your system is resistant to poisons.
                  | (rPois) [evolution]
  9490 | Lair:2   | Found a staircase to the Swamp.
  9575 | Lair:2   | Reached skill level 5 in Shields
 10112 | Lair:3   | Noticed Sonja
 10119 | Lair:3   | Killed Sonja
 10274 | Lair:3   | Got an opal-encrusted leather armour
 10437 | Lair:3   | Noticed a six-headed hydra
 10449 | Lair:3   | Killed a six-headed hydra
 10893 | Lair:4   | Found a hole to the Spider Nest.
 10893 | Lair:4   | Noticed a seven-headed hydra
 11062 | Lair:4   | Killed a seven-headed hydra
 11258 | Lair:4   | Reached XP level 13. HP: 66/115 MP: 14/14
 11370 | Lair:4   | Gained mutation: You are partially covered in icy blue
                  | scales. (AC +2) [evolution]
 11914 | Lair:4   | Identified the +1 leather armour of Sihahir {rF+ Int+2}
                  | (You found it on level 3 of the Lair of Beasts)
 12333 | Lair:5   | Found a staircase to the Slime Pits.
 13458 | D:7      | Found Wastriy's Gadget Emporium.
 13466 | D:7      | Bought a wand of clouds (5) for 432 gold pieces
 13873 | D:12     | Found a staircase to the Orcish Mines.
 14338 | Orc:1    | Entered Level 1 of the Orcish Mines
 14511 | Orc:1    | Reached ***** piety under Trog
 14731 | Orc:1    | Found a shimmering altar of Xom.
 14878 | Orc:2    | Entered Level 2 of the Orcish Mines
 14919 | Orc:2    | Found a staircase to the Elven Halls.
 15074 | Orc:2    | Found a shimmering blue altar of Sif Muna.
 15502 | Orc:2    | Reached skill level 10 in Armour
 15563 | Orc:2    | Gained mutation: You resist negative energy. (rN+) [Deep
                  | Dwarf growth]
 15563 | Orc:2    | Reached XP level 14. HP: 93/123 MP: 15/15
 15649 | Orc:2    | Reached skill level 10 in Shields
 15662 | Orc:2    | Found Woedu's Weapon Boutique.
 15662 | Orc:2    | Found Ifigg's Weapon Emporium.
 15662 | Orc:2    | Found Kuofy's Armour Emporium.
 15662 | Orc:2    | Found Gooj's Gadget Shop.
 15865 | Orc:2    | Reached skill level 15 in Axes
 16250 | Orc:2    | Bought a +1 helmet of see invisible for 280 gold pieces
 16250 | Orc:2    | Bought a +1 scale mail of fire resistance for 272 gold
                  | pieces
 16273 | Orc:2    | Bought a wand of digging (5) for 288 gold pieces
 16505 | Lair:6   | Entered Level 6 of the Lair of Beasts
 16533 | Lair:6   | Gained mutation: You passively map a large area around you.
                  | [evolution]
 17956 | Lair:6   | Reached XP level 15. HP: 53/129 MP: 14/14
 18239 | D:13     | Got a pair of encrusted gloves
 18250 | D:13     | Identified the -2 pair of gloves of Oxzoqoc {Regen+ Int+4}
                  | (You found it on level 13 of the Dungeon)
 19280 | D:14     | Found a gate to the Vaults.
 19280 | D:14     | Noticed Urug
 19616 | D:14     | Killed Urug
 20985 | D:15     | Entered Level 15 of the Dungeon
 21275 | D:15     | Received a gift from Trog
 21644 | D:15     | Found a staircase to the Depths.
 22116 | Swamp:1  | Entered Level 1 of the Swamp
 22152 | Swamp:1  | Noticed Josephine
 22165 | Swamp:1  | Killed Josephine
 22377 | Swamp:1  | Noticed a thorn hunter
 22463 | Swamp:1  | Noticed Kirke
 22484 | Swamp:1  | Killed Kirke
 22484 | Swamp:1  | Reached skill level 6 in Dodging
 22891 | Swamp:1  | Noticed a thorn hunter
 22909 | Swamp:1  | Killed a thorn hunter
 22936 | Swamp:1  | Reached XP level 16. HP: 97/144 MP: 13/13
 22981 | Swamp:1  | Reached skill level 7 in Dodging
 23051 | Swamp:1  | Got a heavily runed leather armour
 23205 | Swamp:1  | Killed a thorn hunter
 23622 | Swamp:2  | Reached skill level 8 in Dodging
 23622 | Swamp:2  | Reached skill level 15 in Shields
 23632 | Swamp:2  | Noticed a thorn hunter
 23644 | Swamp:2  | Killed a thorn hunter
 23729 | Swamp:2  | Noticed a thorn hunter
 23745 | Swamp:2  | Killed a thorn hunter
 23745 | Swamp:2  | Reached skill level 10 in Fighting
 23831 | Swamp:2  | Found the +3 robe of Folly {Archmagi, MR-- Int+5}
 24305 | Swamp:2  | Gained mutation: Scrolls take you a little longer to read.
                  | [evolution]
 24606 | Swamp:3  | Noticed a thorn hunter
 24620 | Swamp:3  | Killed a thorn hunter
 24798 | Swamp:3  | Reached skill level 5 in Evocations
 25078 | Swamp:3  | Got a bloodstained battleaxe
 25635 | Lair:2   | Identified the +3 leather armour "Plog" {MR+} (You found it
                  | on level 1 of the Swamp)
 25676 | Lair:2   | Identified the +6 battleaxe of Rivaerpha {vorpal, rElec
                  | MR++ Int+4} (You found it on level 3 of the Swamp)
 25795 | Swamp:4  | Entered Level 4 of the Swamp
 25813 | Swamp:4  | Reached skill level 5 in Throwing
 26009 | Swamp:4  | Received a gift from Trog
 26076 | Swamp:4  | Reached skill level 9 in Dodging
 26144 | Swamp:4  | Got a translucent quarterstaff
 26288 | Swamp:4  | Identified the +9 hand axe "Leem" {flame, rElec Dex+2 SInv}
                  | (Trog gifted it to you on level 4 of the Swamp)
 26540 | Swamp:4  | Reached XP level 17. HP: 135/157 MP: 13/13
 27199 | Swamp:4  | Found a basalt altar of Yredelemnul.
 27395 | Swamp:4  | Found a blossoming altar of Fedhas.
 27448 | Swamp:4  | Got a decaying rune of Zot
 27678 | Lair:6   | Got a scorched quarterstaff
 27886 | Vaults:1 | Entered Level 1 of the Vaults
 27899 | Vaults:1 | Reached skill level 10 in Dodging
 28224 | Vaults:1 | Acquired a manual of Fighting
 28331 | Vaults:1 | Found Udwam's Antique Weapon Shoppe.
 28383 | Vaults:1 | Identified the +3 helmet of Duqyru {rN+ MR+} (You found it
                  | on level 1 of the Vaults)
 28490 | Vaults:1 | Gained mutation: You are agile. (Dex +2) [evolution]
 29065 | Vaults:1 | Received a gift from Trog
 29815 | Vaults:2 | Reached skill level 11 in Dodging
 29818 | Vaults:2 | HP: 8/166 [acid (8)]
 29932 | Vaults:2 | Mutation became permanent: You passively map the area
                  | around you. [Deep Dwarf growth]
 29932 | Vaults:2 | Gained mutation: You passively map a large area around you.
                  | [Deep Dwarf growth]
 29932 | Vaults:2 | Reached XP level 18. HP: 105/176 MP: 11/11
 30072 | Vaults:2 | Identified the cursed +0 ring mail of Otanon {Harm rElec
                  | SInv} (You found it on level 2 of the Vaults)
 30334 | Vaults:2 | Reached skill level 15 in Fighting
 30642 | Vaults:2 | Reached skill level 12 in Dodging
 30776 | Vaults:2 | You fall into a shaft and drop 1 floor!
 30971 | Vaults:3 | Found Wuteoffo's Assorted Antiques.
 31003 | Vaults:3 | Received a gift from Trog
 31022 | Vaults:3 | Found a magical portal.
 31036 | Vaults:3 | Reached skill level 5 in Stealth
 31044 | WizLab   | Entered Doroklohe's Tomb
 31315 | WizLab   | Noticed an ancient lich
 31344 | WizLab   | Killed an ancient lich
 31431 | WizLab   | Identified the cursed +0 pair of boots "Pibonkay" {MR+}
                  | (You found it in a wizard's laboratory)
 31581 | WizLab   | Identified the +0 plate armour of Resourcefulness {+Inv rF+
                  | rCorr} (You found it in a wizard's laboratory)
 32116 | Orc:2    | Bought the +8 hand axe "Geanuadi" {vamp, rC+ MR+++ Dex-4}
                  | for 855 gold pieces
 32423 | Vaults:2 | Found a staircase to the Crypt.
 32423 | Vaults:2 | Noticed Bai Suzhen
 32445 | Vaults:2 | Killed Bai Suzhen
 32652 | Vaults:2 | Reached skill level 10 in Evocations
 32952 | Vaults:3 | Reached XP level 19. HP: 188/188 MP: 11/13
 33389 | Vaults:3 | Noticed Sojobo
 33425 | Vaults:3 | Killed Sojobo
 33519 | Vaults:3 | Identified the +3 leather armour "Lergheoso" {Int+4}
 33585 | Vaults:3 | Noticed Mara
 33595 | Vaults:3 | Noticed DeepDeath's illusion
 33618 | Vaults:3 | Killed Mara
 34148 | Vaults:3 | Received a gift from Trog
 34624 | Vaults:4 | Reached skill level 15 in Armour
 35050 | Vaults:4 | Received a gift from Trog
 35060 | Vaults:4 | Reached ****** piety under Trog
 35182 | Vaults:4 | Noticed Donald
 35217 | Vaults:4 | Killed Donald
 35243 | Vaults:4 | Noticed Saint Roka
 35274 | Vaults:4 | Killed Saint Roka
 35274 | Vaults:4 | Reached XP level 20. HP: 164/196 MP: 15/15
 35407 | Vaults:4 | Found Onuqu's Magic Scroll Emporium.
 36388 | Spider:1 | Entered Level 1 of the Spider Nest
 37139 | Spider:1 | Received a gift from Trog
 38522 | Spider:3 | Received a gift from Trog
 38522 | Spider:3 | Reached skill level 13 in Dodging
 39475 | Spider:4 | Entered Level 4 of the Spider Nest
 39494 | Spider:3 | Gained mutation: You possess an exceptional clarity of
                  | mind. [evolution]
 39542 | Spider:4 | Noticed Arachne
 39561 | Spider:4 | Killed Arachne
 39936 | Spider:4 | Found a runed translucent gate.
 39936 | Spider:4 | Found a runed translucent gate.
 39939 | Spider:4 | Found a runed translucent gate.
 39940 | Spider:4 | Noticed phiIosophr's ghost (adept CeHu)
 39941 | Spider:4 | Noticed Detar's ghost (adept HOFi)
 40662 | Spider:4 | Reached skill level 14 in Dodging
 40792 | Spider:4 | Received a gift from Trog
 41222 | Spider:4 | Got a gossamer rune of Zot
 41644 | Elf:1    | Entered Level 1 of the Elven Halls
 41647 | Elf:1    | Reached XP level 21. HP: 194/212 MP: 16/16
 41861 | Elf:1    | Found Wuqurphitwe's Armour Boutique.
 42095 | Elf:1    | Found Riodint's One-of-a-Kind Books.
 42176 | Elf:1    | Received a gift from Trog
 42200 | Elf:1    | Found a runed translucent gate.
 42200 | Elf:1    | Found a runed translucent gate.
 42200 | Elf:1    | Found a runed translucent gate.
 42200 | Elf:1    | Found a runed translucent gate.
 42200 | Elf:1    | Found a runed translucent gate.
 42201 | Elf:1    | Found a runed translucent gate.
 42519 | Elf:2    | Found a transporter.
 42526 | Elf:2    | Found a bloodstained altar of Trog.
 42526 | Elf:2    | Noticed Sharkman1231's ghost (adept DsGl)
 42527 | Elf:2    | Identified the +7 longbow "DeepDeath's Death" {vorpal,
                  | Str+4}
 42530 | Elf:2    | Identified the +5 rapier of Hepliaklqana {vorpal, rElec
                  | MP+9 Int+3}
 42530 | Elf:2    | Identified the cursed +1 rapier of Descent {vamp, Str+4}
 42634 | Elf:2    | Found Vuteq's Armour Emporium.
 42665 | Elf:2    | Found a transporter.
 42791 | Elf:2    | Found a shimmering blue altar of Sif Muna.
 42982 | Elf:2    | Found a runed translucent gate.
 42982 | Elf:2    | Found a runed translucent gate.
 42982 | Elf:2    | Found a runed translucent gate.
 43141 | Orc:2    | Bought the cursed +1 hunting sling "Hayl" {venom, rC+ MR+
                  | SInv} for 441 gold pieces
 43381 | Elf:3    | Entered Level 3 of the Elven Halls
 43502 | Elf:3    | Reached skill level 15 in Dodging
 43807 | Elf:3    | Received a gift from Trog
 43836 | Elf:3    | Noticed Aizul
 43847 | Elf:3    | Killed Aizul
 43857 | Elf:3    | Found a portal to a secret trove of treasure.
 44461 | Elf:3    | Reached skill level 10 in Stealth
 44630 | Elf:3    | Received a gift from Trog
 44679 | Elf:3    | Identified the ring "Zetsur" {rC+ Dex+3}
 44919 | Elf:3    | Identified the +1 ring mail "Nyfuisey" {MR+ Int+3 Dex+4}
 44930 | Elf:3    | Reached skill level 16 in Dodging
 44970 | Elf:3    | Reached skill level 5 in Slings
 45041 | Elf:3    | Identified the +4 spear of Gallantry {flame, Str+5} (You
                  | found it on level 3 of the Elven Halls)
 45073 | Elf:3    | Got a polished arbalest
 45187 | Elf:3    | Identified the cursed +1 arbalest of the Coin {elec, rElec
                  | rN+ Int+2 Dex-5} (You found it on level 3 of the Elven
                  | Halls)
 45935 | Spider:4 | Killed phiIosophr's ghost
 45954 | Spider:4 | Killed Detar's ghost
 46552 | Elf:2    | Reached XP level 22. HP: 200/220 MP: 16/16
 46719 | Elf:2    | Cast into level 3 of the Abyss (+3 quick blade of
                  | distortion)
 46793 | Elf:2    | Escaped the Abyss
 47046 | Elf:2    | Reached skill level 10 in Throwing
 47052 | Elf:2    | Killed Sharkman1231's ghost
 47081 | Elf:2    | Identified the +2 short sword of Ryaskigg {vorpal, rElec
                  | rF+ Stlth+} (You found it on level 2 of the Elven Halls)
 47131 | Elf:2    | Reached skill level 15 in Evocations
 47131 | Elf:2    | Reached XP level 23. HP: 142/228 MP: 16/18
 47314 | Depths:1 | Entered Level 1 of the Depths
 47577 | Depths:1 | Received a gift from Trog
 47708 | Depths:1 | Identified the cursed +1 plate armour of Supple Strength
                  | {rElec rPois} (You found it on level 1 of the Depths)
 47836 | Depths:1 | Found a corrupted altar of Lugonu.
 47984 | Vaults:1 | Acquired a manual of Throwing
 48117 | Depths:1 | Got a fine amber ring
 48120 | Depths:1 | Identified the ring of Exhibitionism {Fire rPois} (You
                  | found it on level 1 of the Depths)
 48255 | Depths:1 | Identified the Catalogue of Helpful Dislocation
 48260 | Depths:1 | Identified the +8 demon trident "Bury" {freeze, MR- Int+3
                  | Stlth+} (You found it on level 1 of the Depths)
 48283 | Depths:1 | Noticed an ancient lich
 48339 | Depths:1 | Killed an ancient lich
 48339 | Depths:1 | Reached skill level 15 in Throwing
 48353 | Depths:1 | Got a shimmering iron ring
 48356 | Depths:1 | Identified the ring of Otyeskes {*Corrode Str+3 Int+6
                  | Dex+5} (You found it on level 1 of the Depths)
 48496 | Depths:1 | Gained mutation: You are dopey. (Int -2) [evolution]
 48556 | Depths:1 | You fall into a shaft and drop 1 floor!
 48571 | Depths:2 | Received a gift from Trog
 49285 | Depths:2 | Found a gateway to Hell.
 49349 | Depths:2 | Received a gift from Trog
 49393 | Depths:2 | Reached XP level 24. HP: 205/237 MP: 17/17
 49885 | Depths:2 | Identified Nal Tena's Reference Book on Orientation
 50161 | Depths:1 | Found a gateway to a ziggurat.
 50500 | Vaults:4 | Bought a scroll of blinking for 112 gold pieces
 50500 | Vaults:4 | Bought a scroll of identify for 30 gold pieces
 50517 | Vaults:3 | Bought a scroll of identify for 58 gold pieces
 50517 | Vaults:3 | Bought a potion of curing for 87 gold pieces
 50787 | Depths:3 | Found a gateway to a bazaar.
 50879 | Depths:3 | Found a one-way gate leading to the halls of Pandemonium.
 50937 | Depths:3 | Reached skill level 17 in Dodging
 50964 | Depths:3 | Received a gift from Trog
 51229 | Depths:3 | Noticed a juggernaut
 51251 | Depths:3 | Killed a juggernaut
 51283 | Depths:3 | Noticed Agnes
 51297 | Depths:3 | Noticed Asterion
 51307 | Depths:3 | Noticed Frederick
 51660 | Depths:3 | Killed Agnes
 51661 | Depths:3 | Lost mutation: You possess an exceptional clarity of mind.
                  | [a cacodemon]
 51665 | Depths:3 | Gained mutation: You are very dopey. (Int -4) [a cacodemon]
 51668 | Depths:3 | Killed Asterion
 51766 | Depths:3 | Found a glowing golden altar of the Shining One.
 51830 | Depths:3 | Killed Frederick
 52072 | Depths:3 | Received a gift from Trog
 52466 | Depths:3 | Reached skill level 18 in Dodging
 52945 | Depths:4 | Noticed an ancient lich
 52969 | Depths:3 | Killed an ancient lich
 53459 | Depths:4 | Acquired the ring "Jusyq" {rC+ Int+4 Slay+2}
 53514 | Depths:4 | Reached XP level 25. HP: 226/252 MP: 17/17
 53524 | Depths:4 | Identified the ring of Secis {+Fly rElec MR++ Str-3 Dex+6}
 53614 | Depths:4 | Found a one-way gate to the infinite horrors of the Abyss.
 53771 | Depths:4 | Received a gift from Trog
 53830 | Depths:4 | Lost mutation: Scrolls take you a little longer to read.
                  | [evolution]
 53987 | Depths:4 | Found Niejaupn's Food Boutique.
 54008 | Depths:4 | Identified the ring of Satyriasis {+Fly rPois Str+9 Int-3
                  | Slay+2} (You found it on level 4 of the Depths)
 54265 | Depths:4 | Found Pomaili's Distillery.
 54319 | Depths:4 | Identified the ring of the Priest {rF+ rC- Str+6 Dex+5}
                  | (You found it on level 4 of the Depths)
 54655 | Depths:5 | Entered Level 5 of the Depths
 55147 | Depths:5 | Found a gate to the Realm of Zot.
 55234 | Depths:5 | Received a gift from Trog
 56337 | Bazaar   | Entered a bazaar
 56358 | Bazaar   | Found Qemyesakirph's Food Boutique.
 56387 | Bazaar   | Found Kahan's Food Boutique.
 56401 | Bazaar   | Found Maigresch's General Store.
 56415 | Bazaar   | Found Hibb's Food Boutique.
 56429 | Bazaar   | Found Kenatt's Magic Scroll Shop.
 56463 | Bazaar   | Bought a scroll of identify for 24 gold pieces
 56463 | Bazaar   | Bought a scroll of identify for 24 gold pieces
 56463 | Bazaar   | Bought a scroll of magic mapping for 42 gold pieces
 56463 | Bazaar   | Bought a scroll of fear for 42 gold pieces
 56463 | Bazaar   | Bought a scroll of magic mapping for 42 gold pieces
 56463 | Bazaar   | Bought a scroll of blinking for 90 gold pieces
 56463 | Bazaar   | Bought a scroll of identify for 24 gold pieces
 56490 | Bazaar   | Bought a scroll of magic mapping for 52 gold pieces
 56490 | Bazaar   | Bought 4 curare-tipped darts for 36 gold pieces
 56490 | Bazaar   | Bought a potion of curing for 45 gold pieces
 56515 | Bazaar   | Bought a scroll of teleportation for 36 gold pieces
 56515 | Bazaar   | Bought a scroll of teleportation for 36 gold pieces
 56690 | Crypt:1  | Entered Level 1 of the Crypt
 56700 | Crypt:1  | Noticed Margery
 56711 | Crypt:1  | Cast into level 2 of the Abyss (hell knight)
 56952 | Abyss:2  | Paralysed by accursed screaming for 1 turns
 57153 | Abyss:2  | Reached XP level 26. HP: 141/212 MP: 15/17
 57299 | Crypt:1  | Escaped the Abyss
 57314 | Crypt:1  | Killed Margery
 57500 | Crypt:1  | Received a gift from Trog
 57504 | Crypt:1  | Noticed a greater mummy
 57508 | Crypt:1  | Noticed Khufu
 57509 | Crypt:1  | Noticed a greater mummy
 57619 | Crypt:1  | Identified the +10 demon whip of Fee Simple {flame, Dex+4}
                  | (You found it on level 1 of the Crypt)
 57783 | Crypt:1  | Killed a greater mummy
 57801 | Crypt:1  | Killed a greater mummy
 57856 | Crypt:1  | Killed Khufu
 57856 | Crypt:1  | Reached skill level 19 in Dodging
 58108 | Crypt:1  | Identified the +1 eveningstar "Kuzun" {flame, MR- Dex+4
                  | SInv Stlth+} (Trog gifted it to you on level 1 of the
                  | Crypt)
 59327 | Crypt:3  | Entered Level 3 of the Crypt
 59336 | Crypt:3  | Noticed an ancient lich
 59346 | Crypt:3  | Killed an ancient lich
 59371 | Crypt:3  | Identified the +1 cloak "Siysoaho" {Regen+ rCorr} (You
                  | found it on level 3 of the Crypt)
 59562 | Crypt:3  | Acquired a manual of Dodging
 59659 | Crypt:3  | Received a gift from Trog
 60619 | Crypt:3  | Identified the ring of Rimnel {rElec rN+ Str+4 Int+7 Dex-2}
 60633 | Crypt:3  | Identified the ring "Puyt" {rN+ Int+8}
 60669 | Crypt:3  | Got a translucent wooden ring
 60670 | Crypt:3  | Identified the ring "Butihusehyi" {rN+ Int+2} (You found it
                  | on level 3 of the Crypt)
 61371 | Crypt:3  | Identified the +8 hand crossbow of Abomination {vorpal, rF+
                  | rN+ Str-2 Int+4} (You found it on level 3 of the Crypt)
 61423 | Crypt:3  | Received a gift from Trog
 61870 | Crypt:3  | Found a staircase to the Tomb.
 62244 | Lair:2   | Identified the +10 quarterstaff of True Grit {protect,
                  | Str+4 Int+2} (You found it on level 6 of the Lair of
                  | Beasts)
 62245 | Lair:2   | Identified the +11 quarterstaff "Nymi" {pain, Str-4 Dex+7
                  | Stlth+} (You found it on level 4 of the Swamp)
 62390 | Depths:1 | Identified the +8 short sword "Orruamim" {flame, rC+} (You
                  | found it on level 1 of the Depths)
 62796 | Depths:4 | Bought a potion of cancellation for 128 gold pieces
 62796 | Depths:4 | Bought 2 potions of haste for 320 gold pieces
 62796 | Depths:4 | Bought 2 potions of resistance for 320 gold pieces
 62979 | Vaults:3 | Bought a scroll of blinking for 217 gold pieces
 63053 | Vaults:5 | Entered Level 5 of the Vaults
 63076 | Vaults:5 | Noticed an ancient lich
 63094 | Vaults:5 | Reached skill level 20 in Dodging
 63094 | Vaults:5 | Reached XP level 27. HP: 279/279 MP: 15/15
 63112 | Vaults:5 | Killed an ancient lich
 63156 | Vaults:5 | Reached skill level 21 in Dodging
 63157 | Vaults:5 | Received a gift from Trog
 63240 | Vaults:5 | Noticed Boris
 63263 | Vaults:5 | Killed Boris
 63338 | Vaults:5 | Reached skill level 22 in Dodging
 63348 | Vaults:5 | Identified the +7 morningstar "Ficosim" {venom, +Fly rC+}
 63418 | Vaults:5 | Identified the ring of Tumer {+Fly rF+ rC+ Int-4 Dex+3}
 63668 | Vaults:5 | Reached skill level 23 in Dodging
 63714 | Vaults:5 | Received a gift from Trog
 63841 | Vaults:5 | Gained mutation: Your magical capacity is low. (-10% MP)
                  | [evolution]
 64093 | Vaults:5 | Identified the +4 lajatang "Jexakhamm" {freeze, rPois
                  | Int+3}
 64093 | Vaults:5 | Identified the +6 hand crossbow of Dried Tears {venom,
                  | Fragile rPois Str+4 Stlth+}
 64093 | Vaults:5 | Identified the +1 robe of the Jabberwock {rElec rN+++ MR++}
 64105 | Vaults:5 | Reached skill level 24 in Dodging
 64447 | Vaults:5 | Identified the +7 mace of the Howling Whale {elec, rElec
                  | SInv Stlth+}
 64617 | Vaults:5 | Got a silver rune of Zot
 65149 | Vaults:5 | Identified the ring of Midnight {rPois Str-3 Int+5 Stlth-}
                  | (You found it on level 5 of the Vaults)
 65620 | Vaults:5 | Identified the cursed +1 plate armour of Esumeop {rN+ rCorr
                  | Int-2} (You found it on level 5 of the Vaults)
 66106 | Elf:3    | You paid a toll of +3 shadow dragon scales to enter a
                  | treasure trove
 66107 | Trove    | Entered a treasure trove
 66124 | Trove    | Identified the +0 eveningstar of a bazaar {drain, rF+
                  | Str+2} (You found it in a treasure trove)
 66382 | Vaults:1 | Lost mutation: Your magical capacity is low. (-10% MP)
                  | [potion of mutation]
 66382 | Vaults:1 | Lost mutation: You are agile. (Dex +2) [potion of mutation]
 66382 | Vaults:1 | Gained mutation: You are partially covered in iridescent
                  | scales. (AC +2) [potion of mutation]
 66382 | Vaults:1 | Lost mutation: Your system is resistant to poisons. (rPois)
                  | [potion of mutation]
 66382 | Vaults:1 | Gained mutation: You are weak. (Str -2) [potion of
                  | mutation]
 66382 | Vaults:1 | Gained mutation: Your flesh is heat resistant. (rF+)
                  | [potion of mutation]
 66574 | Slime:1  | Entered Level 1 of the Pits of Slime
 67176 | Slime:3  | Reached skill level 25 in Dodging
 67575 | Slime:4  | Gained mutation: Your body sometimes deteriorates upon
                  | taking damage. [a shining eye]
 67613 | Slime:4  | Received a gift from Trog
 67786 | Slime:3  | Found a viscous altar of Jiyva.
 67825 | Slime:3  | Reached skill level 26 in Dodging
 68418 | Slime:2  | Gained mutation: Your body often deteriorates upon taking
                  | damage. [a shining eye]
 68498 | Slime:2  | You fall into a shaft and drop 1 floor!
 68758 | Slime:5  | Entered Level 5 of the Pits of Slime
 68794 | Slime:5  | Noticed the Royal Jelly
 68960 | Slime:4  | Received a gift from Trog
 69656 | Slime:5  | Found a viscous altar of Jiyva.
 69736 | Slime:5  | Gained mutation: Your magical capacity is low. (-10% MP) [a
                  | shining eye]
 69757 | Slime:5  | Gained mutation: Your flesh is very heat resistant. (rF++)
                  | [a shining eye]
 69946 | Slime:5  | Killed the Royal Jelly
 70157 | Slime:5  | Found the +2 hood of the Assassin {Detection Stab+ Stlth++}
 70168 | Slime:5  | Identified the +0 hat "Gieh" {rC+ Str+7} (You found it on
                  | level 5 of the Pits of Slime)
 70200 | Slime:5  | Got a slimy rune of Zot
 70203 | Slime:5  | Identified the +4 hand axe of Xitioser {venom, Int+7 Dex+4}
                  | (You found it on level 5 of the Pits of Slime)
 70222 | Slime:5  | Identified the Guide on Arcane Weapons and Transmigration
 70801 | Lair:2   | Lost mutation: Your magical capacity is low. (-10% MP)
                  | [potion of mutation]
 70801 | Lair:2   | Lost mutation: Your body often deteriorates upon taking
                  | damage. [potion of mutation]
 70801 | Lair:2   | Lost mutation: You evolve. [potion of mutation]
 70801 | Lair:2   | Gained mutation: You have sharp fingernails. [potion of
                  | mutation]
 70947 | D:6      | Bought a scroll of enchant weapon for 90 gold pieces
 71606 | Zot:1    | Entered Level 1 of the Realm of Zot
 71821 | Zot:1    | Received a gift from Trog
 72210 | Zot:1    | Identified the cursed +0 dire flail of the Boar {distort,
                  | rPois rC++ Str-5}
 72229 | Zot:1    | Found a transporter.
 72237 | Zot:1    | Noticed Nacooh's ghost (legendary DDFi)
 72259 | Zot:1    | Found a transporter.
 72698 | Zot:2    | Noticed an orb of fire
 72703 | Zot:2    | Gained mutation: You have sharp toenails. [an orb of fire]
 72714 | Zot:2    | Gained mutation: Scrolls take you a little longer to read.
                  | [an orb of fire]
 72715 | Zot:2    | Gained mutation: Potions are less effective at restoring
                  | your health. [an orb of fire]
 72717 | Zot:2    | Gained mutation: You occasionally shout uncontrollably at
                  | your foes. [an orb of fire]
 72721 | Zot:2    | Gained mutation: You are very weak. (Str -4) [an orb of
                  | fire]
 72737 | Zot:2    | Killed an orb of fire
 72761 | Zot:2    | Lost mutation: You are very dopey. (Int -4) [potion of
                  | mutation]
 72761 | Zot:2    | Lost mutation: You occasionally shout uncontrollably at
                  | your foes. [potion of mutation]
 72761 | Zot:2    | Lost mutation: Your body sometimes deteriorates upon taking
                  | damage. [potion of mutation]
 72761 | Zot:2    | Lost mutation: Scrolls take you a little longer to read.
                  | [potion of mutation]
 72761 | Zot:2    | Gained mutation: You are frail. (-10% HP) [potion of
                  | mutation]
 72761 | Zot:2    | Gained mutation: You have a pair of small antennae on your
                  | head. [potion of mutation]
 72761 | Zot:2    | Gained mutation: You possess an exceptional clarity of
                  | mind. [potion of mutation]
 73035 | Zot:2    | Found Gykutiet's Changing Room.
 73249 | Zot:2    | Identified the +8 spear of Esmer {vorpal, Str+3 Int+4}
 74101 | Zot:2    | Bought a potion of mutation for 184 gold pieces
 74593 | Zot:3    | Received a gift from Trog
 74732 | Zot:3    | Gained mutation: Scrolls take you a little longer to read.
                  | [mutagenic glow]
 75440 | Zot:4    | Noticed an orb of fire
 75450 | Zot:4    | Gained mutation: Your body sometimes deteriorates upon
                  | taking damage. [an orb of fire]
 75469 | Zot:4    | Killed an orb of fire
 75475 | Zot:4    | Lost mutation: You are very weak. (Str -4) [potion of
                  | mutation]
 75475 | Zot:4    | Lost mutation: You have a pair of small antennae on your
                  | head. [potion of mutation]
 75475 | Zot:4    | Lost mutation: You are dopey. (Int -2) [potion of mutation]
 75475 | Zot:4    | Lost mutation: Your flesh is very heat resistant. (rF++)
                  | [potion of mutation]
 75475 | Zot:4    | Lost mutation: You possess an exceptional clarity of mind.
                  | [potion of mutation]
 75475 | Zot:4    | Gained mutation: Your flesh is very heat resistant. (rF++)
                  | [potion of mutation]
 75475 | Zot:4    | Gained mutation: Your mind is acute. (Int +2) [potion of
                  | mutation]
 75976 | Zot:4    | Found a runed translucent gate.
 75977 | Zot:4    | Found a runed translucent gate.
 75977 | Zot:4    | Found an opulent altar of Gozag.
 75978 | Zot:4    | Found a runed translucent gate.
 75980 | Zot:4    | Noticed Emnejil's ghost (master VSBe)
 76293 | Zot:3    | Lost mutation: Scrolls take you a little longer to read.
                  | [potion of mutation]
 76293 | Zot:3    | Lost mutation: Your body sometimes deteriorates upon taking
                  | damage. [potion of mutation]
 76293 | Zot:3    | Lost mutation: You are partially covered in icy blue
                  | scales. (AC +2) [potion of mutation]
 76293 | Zot:3    | Lost mutation: You have sharp toenails. [potion of
                  | mutation]
 76293 | Zot:3    | Gained mutation: Your system is resistant to poisons.
                  | (rPois) [potion of mutation]
 76955 | Zot:5    | Entered Level 5 of the Realm of Zot
 78135 | Zot:5    | Noticed an ancient lich
 78151 | Zot:5    | Noticed an ancient lich
 78162 | Zot:5    | Killed an ancient lich
 78174 | Zot:5    | Killed an ancient lich
 79002 | Zot:5    | Received a gift from Trog
 79028 | Zot:5    | Noticed an orb of fire
 79038 | Zot:5    | Gained mutation: Your body sometimes deteriorates upon
                  | taking damage. [an orb of fire]
 79062 | Zot:5    | Killed an orb of fire
 79062 | Zot:5    | Noticed an ancient lich
 79072 | Zot:5    | Noticed an ancient lich
 79197 | Zot:4    | Lost mutation: Your system is resistant to poisons. (rPois)
                  | [potion of mutation]
 79197 | Zot:4    | Lost mutation: Your body sometimes deteriorates upon taking
                  | damage. [potion of mutation]
 79197 | Zot:4    | Lost mutation: You are weak. (Str -2) [potion of mutation]
 79197 | Zot:4    | Lost mutation: You are frail. (-10% HP) [potion of
                  | mutation]
 79540 | Zot:4    | Killed an ancient lich
 79547 | Zot:4    | Reached skill level 27 in Dodging
 79665 | Zot:5    | Killed an ancient lich
 79927 | Zot:5    | Noticed an orb of fire
 79951 | Zot:5    | Killed an orb of fire
 80138 | Zot:5    | Noticed an orb of fire
 80163 | Zot:5    | Killed an orb of fire
 80552 | Zot:5    | Got the Orb of Zot
 81074 | D:$      | Escaped with the Orb!

Illustrated notes

Levels and vault maps discovered:
D:1:      minmay_arrival_cross, layout_rooms, minmay_circled_x
D:2:      layout_basic, overflow_temple_1_default,
          amethyst_overflow_temple_binary, first_ration
D:3:      layout_rooms, overflow_temple_1_default, lemuel_doored_altar,
          kennysheep_generic_room_12, uniq_purgy
D:4:      layout_loops_cross, temple_hall
D:5:      minmay_polygon_palace, layout_cave_pools, overflow_temple_1_default
D:6:      layout_basic, lemuel_zombie_altar_yredelemnul, trog_ov_bears_minmay,
          serial_shops, nicolae_shop_statue_plus, uniq_pikel
D:7:      layout_basic, serial_shops, nicolae_shop_stone,
          kennysheep_cluttered_room, lemuel_oklob_altar
D:8:      layout_rooms, serial_corexii_hall, corexii_hall_statues_i,
          corexii_hall_statues_i, david_nohive_1, elyvilon_altar_1
D:9:      layout_big_octagon, grunt_qazlal_clouds
D:10:     layout_irregular_city, lair_entry_dummy, uniq_harold
D:11:     layout_roguey, minmay_crystal_water
D:12:     layout_rooms, david_orc_2, minmay_holes
D:13:     layout_long_grid, chequers_garden
D:14:     layout_rooms, david_vaults_3, minmay_misc_feat_tiny
D:15:     hangedman_depths_entry_try_elsewhere_first, layout_basic,
          serial_bayou_crossing
Lair:1:   layout_hall_layers, patterned_corridor, serial_bayou_shore_b
Lair:2:   layout_roguey, swamp_mist
Lair:3:   layout_gridlike, chequers_serial_rivers_room_b,
          hangedman_lair_unloving_vines, uniq_sonja
Lair:4:   layout_hall_layers, spider_nest_entry_rubble, grunt_megastairs_1
Lair:5:   layout_roguey, minmay_slime_entry_jelly_boxes, serial_bayou_pond_b,
          infiniplex_staircase_pool_2, serial_bayou_shore_a
Lair:6:   hangedman_lair_tendril_chambers, layout_cellular_growth,
          grunt_megastairs_5, minmay_lair_oklob_chamber
Swamp:1:  layout_falls_marsh, hangedman_swamp_ruin_wall, hangedman_swamp_dais,
          uniq_josephine, uniq_kirke
Swamp:2:  layout_basic_swamp, hangedman_swamp_diagram, swamp_pool3
Swamp:3:  layout_basic_swamp, serial_swamp_ruin, hangedman_swamp_ruin_hall,
          evilmike_swamp_ruin_house_2, evilmike_swamp_ruin_house_5, swamp_pool1
Swamp:4:  byrel_swamp_growth_death_and_undeath, layout_basic_swamp, swamp_pool4,
          nicolae_swamp_dragon_and_kin, infiniplex_staircase_pool
Spider:1: layout_spider_delve
Spider:2: layout_spider_delve
Spider:3: layout_spider_delve, nicolae_spider_cling_halls,
          hangedman_spider_tarantella_strand
Spider:4: guppyfry_spider_rune, gammafunk_ghost_cemetery, drop_trap,
          nicolae_orb_stairs, uniq_arachne
Slime:1:  layout_caves
Slime:2:  layout_caves
Slime:3:  layout_caves, basic_altar
Slime:4:  layout_caves
Slime:5
Orc:1:    layout_diamond_mine, basic_altar
Orc:2:    st_orc_ogre_mass, layout_caves, nicolae_orc_rockfall, led_sif_book
Elf:1:    layout_gridlike, serial_shops, shop, orc_legates, nicolae_rare_books,
          grunt_ministairs_7, minmay_strange_pillars, uniq_asterion
Elf:2:    layout_rooms, basic_altar, gammafunk_ghost_wrathful_warriors,
          serial_shops, shop, drop_trap
Elf:3:    grunt_elf_hall_branching, layout_rooms, enter_trove_3, minivault_5,
          uniq_aizul
Vaults:1: v_misc_1, vaults_dpeg_encased_lava, ontoclasm_vaults_twist,
          nicolae_vaults_inception_statues, nicolae_vaults_sealed_display,
          vaults_room_pool, ontoclasm_vaults_ligature, vaults_room_door_ring,
          hangedman_vaults_nails, hangedman_vaults_nails,
          ontoclasm_vaults_decontamination, layout_vaults_omnicross,
          serial_shops, nicolae_shop_waterfront
Vaults:2: minmay_crypt_entry_vampire_xt, v_rooms_6, grunt_vaults_funnel,
          v_misc_4, layout_vaults_chaotic_city, uniq_bai_suzhen
Vaults:3: hangedman_vaults_slither, hangedman_vaults_impose, v_pattern_2,
          v_rooms_1, vaults_room_fours, vaults_room_pools,
          layout_vaults_omnigrid, serial_shops, shop, mu_enter_wizlab_4,
          uniq_sojobo, uniq_mara
Vaults:4: nicolae_vaults_little_squares_2, hangedman_vaults_corner_blocks,
          vaults_dpeg_spiral, v_misc_9, nicolae_vaults_disjoint_gnomons,
          nicolae_vaults_network_star, grunt_vaults_swirl,
          nicolae_vaults_specimen_jars, hangedman_vaults_river_flow,
          hangedman_vaults_impose, layout_vaults_omnibox, serial_shops,
          nicolae_shop_stone, uniq_donald, uniq_saint_roka
Vaults:5: uniq_boris
Crypt:1:  layout_chaotic_city, uniq_margery, uniq_khufu
Crypt:2:  layout_rooms, lemuel_freeze_loot_1
Crypt:3:  due_elkab, layout_chaotic_city, tombwall_bobbens
Depths:1: minmay_the_grid_3x3 [minmay_the_grid_diamond_grid,
          minmay_the_grid_garden, minmay_the_grid_tri_star,
          minmay_the_grid_odd_star, minmay_the_grid_minigrid_large,
          minmay_the_grid_tiny_cups, minmay_the_grid_embedded,
          minmay_the_grid_expand, minmay_the_grid_prize_diamond_cup],
          layout_cave_pools, enter_ziggurat_d, minmay_hedge_maze,
          pf_coc_iceberg, st_stairs_9, minivault_16, minmay_misc_feat_plants,
          tgw_lugonu_bribe
Depths:2: hangedman_screamer, layout_gridlike, hangedman_geh_valley,
          hangedman_research_quantum, infiniplex_staircase_star
Depths:3: hangedman_cross_cluster, layout_honeycomb, minmay_door_square,
          serial_shops, bzr_entry_customers, grunt_hell_horde,
          rand_demon_pan_entry_3, sword_in_stone, uniq_frederick
Depths:4: hangedman_spin_cycle, pan_entry, hell_entry, abyss_entry
Depths:5: grunt_crosshair, layout_cave_pools, hellmouth_1, skrybe_limestone_x,
          minmay_misc_feat_iff
Zot:1:    layout_onion, gammafunk_ghost_abyssal_escape, grunt_ministairs_9
Zot:2:    layout_basic, nicolae_transmutations_shop
Zot:3:    grunt_zot_stairs_faceoff, layout_twisted_circle
Zot:4:    layout_misc_corridors, ebering_ghost_gozag
Zot:5:    layout_basic, hangedman_zot_decor_checkerboard

Skill      XL: |  1  2  3  4  5  6  7  8  9 10 11 12 13 14 15 16 17 18 19 20 21 22 23 24 25 26 27 |
---------------+----------------------------------------------------------------------------------+-----
Fighting       | 3 4 5 6 7 9 11 14 16 18 19 21 22 25 | 25.9
Axes           | 4 5 6 7 8 11 12 14 15 16 17 | 17.0
Maces & Flails | 3 6 7 13 | 13.8
Evocations     | 2 6 8 10 13 15 17 19 | 19.7
Shields        | 2 3 6 9 12 14 15 16 | 16.0
Dodging        | 4 5 6 9 11 12 14 16 18 20 27 | 27.0
Armour         | 4 7 8 10 11 12 16 18 19 25 | 25.0
Stealth        | 1 2 8 10 | 10.0
Slings         | 1 5 |  5.3
Throwing       | 1 3 5 6 8 11 15 | 15.7

Action                   |  1- 3 |  4- 6 |  7- 9 | 10-12 | 13-15 | 16-18 | 19-21 | 22-24 | 25-27 || total
-------------------------+-------+-------+-------+-------+-------+-------+-------+-------+-------++-------
Melee: Hand axe          |   120 |   102 |       |       |       |   687 |  1869 |   836 |  2343 ||  5957
       War axe           |       |     1 |       |       |       |       |       |       |       ||     1
       Whip              |       |    87 |   274 |       |       |       |       |       |       ||   361
       Morningstar       |       |       |       |   564 |   562 |   220 |       |       |    24 ||  1370
       Broad axe         |       |       |       |       |   745 |   703 |   466 |   553 |  1842 ||  4309
 Fire: Hunting sling     |       |       |       |       |     9 |     4 |    50 |   393 |  1031 ||  1487
Throw: Stone             |     8 |    12 |    12 |    10 |       |       |       |       |       ||    42
       Dart              |       |     1 |       |    26 |    16 |     1 |       |     1 |    10 ||    55
       Throwing net      |       |       |       |     1 |     4 |       |       |       |     1 ||     6
       Boomerang         |       |       |       |       |   183 |   206 |    66 |       |       ||   455
       Javelin           |       |       |       |       |    15 |     1 |     1 |     1 |     4 ||    22
Invok: Berserk           |     3 |     7 |     7 |     4 |     3 |     8 |     6 |     3 |     5 ||    46
       Trog's Hand       |       |     5 |    12 |    25 |    47 |    47 |    13 |     4 |    39 ||   192
       Brothers in Arms  |       |       |       |       |       |       |       |       |     1 ||     1
 Abil: Heal Wounds       |     1 |     1 |     2 |     3 |    15 |    29 |     7 |     1 |    16 ||    75
       Evoke Flight      |       |       |       |       |       |       |     4 |       |     2 ||     6
       Stop Flying       |       |       |       |       |       |       |     2 |       |       ||     2
       Evoke Invisibilit |       |       |       |       |       |       |       |       |    17 ||    17
Evoke: Wand              |       |     2 |     4 |     6 |    16 |    23 |    17 |     1 |    17 ||    86
       Lightning rod     |       |       |       |       |       |       |     2 |       |       ||     2
       Box of beasts     |       |       |       |       |       |       |       |       |     4 ||     4
       Phantom mirror    |       |       |       |       |       |       |       |       |     1 ||     1
  Use: Scroll            |     3 |    11 |     4 |    14 |    12 |    18 |    14 |     9 |    64 ||   149
       Potion            |       |       |     1 |     2 |    10 |    20 |     4 |     4 |    38 ||    79
 Stab: Sleeping          |       |       |       |     2 |     9 |    37 |       |     7 |     7 ||    62
       Held in net/web   |       |       |       |       |     6 |       |       |       |       ||     6
       Invisible         |       |       |       |       |     4 |    20 |       |     2 |    45 ||    71
       Confused          |       |       |       |       |     2 |       |       |       |       ||     2
       Paralysed         |       |       |       |       |       |     4 |       |       |       ||     4
       Distracted        |       |       |       |       |       |     1 |     3 |     5 |     1 ||    10
  Eat: Chunk             |     3 |    14 |    14 |    27 |    43 |    13 |    19 |     7 |    23 ||   163
       Ration            |       |       |     2 |     2 |     5 |    13 |    11 |     6 |    28 ||    67
Armor: Animal skin       |    23 |     1 |       |       |       |       |       |       |       ||    24
       Leather armour    |       |    53 |    62 |    87 |       |       |       |       |       ||   202
       Scale mail        |       |       |       |   148 |   269 |   108 |       |       |       ||   525
       Ring mail         |       |       |       |       |    18 |   207 |       |       |       ||   225
       Acid dragon scale |       |       |       |       |     1 |       |       |       |       ||     1
       Plate armour      |       |       |       |       |       |    67 |   609 |   286 |  1023 ||  1985
Dodge: Dodged            |    62 |    95 |   116 |   384 |   457 |   749 |  1079 |   683 |  2398 ||  6023
       Repelled          |       |       |       |       |    15 |    25 |    46 |    38 |    21 ||   145
Block: Kite shield       |       |       |       |       |   603 |   868 |  1437 |   777 |  2268 ||  5953
